 Dungeon Crawl Stone Soup version 0.28.0-47-ge53b351184 (webtiles) character file.

Game seed: 3989851086992324724

335 AuftragZ the Chiller (level 6, -10/46 HPs)
             Began as a Draconian Ice Elementalist on Apr 28, 2022.
             Mangled by a wyvern zombie (13 damage)
             ... on level 4 of the Dungeon.
             The game lasted 00:13:29 (3797 turns).

AuftragZ the Chiller (Draconian Ice Elementalist)   Turns: 3797, Time: 00:13:29

Health: -10/46     AC:  6    Str: 10    XL:     6   Next: 28%
Magic:  0/11       EV: 12    Int: 18    God:
Gold:   126        SH:  0    Dex: 11    Spells: 5/12 levels left

rFire   . . .      SeeInvis .   c - staff of conjuration
rCold   . . .      Faith    .   (no shield)
rNeg    . . .      Spirit   .   (armour unavailable)
rPois   .          Reflect  .   (helmet restricted)
rElec   .          Harm     .   (no cloak)
rCorr   .          Rampage  .   (no gloves)
Will    .....                   (no boots)
Stlth   ++........              (no amulet)
HPRegen 0.15/turn               (no ring)
MPRegen 0.12/turn               (no ring)

@: freezing walls, hasted, very quick
A: AC +6, unfitting armour, cold-blooded
a: no special abilities


You were on level 4 of the Dungeon.
You visited 1 branch of the dungeon, and saw 4 of its levels.

You collected 126 gold pieces.

Inventory:

Hand Weapons
 d - a +1 dagger of electrocution
 e - a +0 short sword of draining
Magical Staves
 c - a staff of conjuration (weapon)
Scrolls
 h - a scroll of identify
Potions
 a - a potion of haste
 b - a potion of heal wounds {unknown}
 f - a potion of brilliance {unknown}
 g - a potion of lignification


   Skills:
 + Level 0.3 Fighting
 + Level 0.1 Short Blades
 + Level 2.0 Dodging
 - Level 2.1 Stealth
 * Level 3.9 Spellcasting
 * Level 6.2 Ice Magic


You had 5 spell levels left.
You knew the following spells:

 Your Spells              Type           Power      Damage    Failure   Level
a - Freeze                Ice            100%       1d11      1%          1
b - Frozen Ramparts       Ice            52%        1d7       3%          3
c - Ozocubu's Armour      Ice            26%        N/A       3%          3

Your spell library contained the following spells:

 Spells                   Type           Power      Damage    Failure   Level
 Ensorcelled Hibernation  Hex/Ice        28%        N/A       6%          2
 Passwall                 Tmut/Erth      2%         N/A       22%         2
 Hailstorm                Conj/Ice       22%        3d7       38%         4
 Swiftness                Air            3%         N/A       41%         3


Dungeon Overview and Level Annotations

Branches:
Dungeon (4/15)
 Temple: D:4-7

Altars:

Shops:
D:3 [(=


Innate Abilities, Weirdness & Mutations

Your plain brown scales are hard. (AC +6)
You cannot fit into any form of body armour.
You are cold-blooded and may be slowed by cold attacks.


Message History

You barely miss the wyvern zombie.
The wyvern zombie is moderately damaged.
The wyvern zombie bites you but does no damage.
The wyvern zombie bites you.
* * * LOW HITPOINT WARNING * * *
You hit the wyvern zombie but do no damage.
The wyvern zombie is moderately damaged.
The wyvern zombie bites you.
* * * LOW HITPOINT WARNING * * *
You feel yourself speed up.
The wyvern zombie bites you but does no damage. x2
Found a scroll labelled ROEPOR TIGGOIC.
The wyvern zombie completely misses you.
The wyvern zombie closely misses you.
Casting: Freeze (safe; 1% risk of failure)
Confirm with . or Enter, or press ? or * to list all spells.
Casting: Frozen Ramparts (dangerous; 3% risk of failure)
Press: ? - help, Dir - look around, f - activate The walls around you are covered in ice.
The wyvern zombie completely resists.
The wall freezes the wyvern zombie but does no damage.
The wyvern zombie bites you but does no damage.
Your frozen ramparts will break if you move.
Continue?
Okay, then.
Casting: Frozen Ramparts (dangerous; 3% risk of failure)
Confirm with . or Enter, or press ? or * to list all spells.
You don't have enough magic to cast this spell.
Casting: Frozen Ramparts (dangerous; 3% risk of failure)
Confirm with . or Enter, or press ? or * to list all spells.
Aiming: Freeze (safe; 1% risk of failure)
Press: ? - help, Shift-Dir - straight line, f - wyvern zombie
Aim: a wyvern zombie (moderately damaged)
You freeze the wyvern zombie.
The wyvern zombie resists.
The wyvern zombie is moderately damaged.
You hit the wyvern zombie but do no damage.
The wyvern zombie is moderately damaged.
The wyvern zombie completely resists.
The wall freezes the wyvern zombie but does no damage.
The wyvern zombie bites you!
You die...

#......###...###### ....
.......##....#.#..##...
.......#..........)..##..........
....####..#.........## .........#
.....#...##...[......# .........
........##...........# ...?... .
........###...##.....####....##..
.......##......#.......##........
................@Z......#........
...............##.#.........#[...
..................#####..#..#....
.....##...........# ####...##
.##..##......[##### #......## ..
.. ........####### ##.......# ..
..##......##..###........# .
##..#................##
#...##...#.....#.....#


You could see a wyvern zombie.

Vanquished Creatures
  An ogre (D:3)
  A scorpion (D:2)
  A centaur skeleton (D:3)
  2 orc wizards (D:3)
  3 adders
  2 dart slugs
  7 orcs (D:3)
  2 bats
  4 endoplasms
  3 giant cockroaches
  6 goblins
  9 hobgoblins
  6 jackals
  4 kobolds (D:1)
  3 quokkas
  5 ball pythons
  2 frilled lizards (D:1)
  5 rats
66 creatures vanquished.

Notes
Turn   | Place    | Note
-------+----------+-------------------------------------------
     0 | D:1      | AuftragZ the Draconian Ice Elementalist began the quest for
                  | the Orb.
     0 | D:1      | Reached XP level 1. HP: 14/14 MP: 3/3
    98 | D:1      | Reached XP level 2. HP: 15/20 MP: 0/5
   864 | D:1      | Reached XP level 3. HP: 23/23 MP: 6/6
  1234 | D:1      | Learned a level 3 spell: Frozen Ramparts
  1255 | D:2      | Noticed a scorpion
  1261 | D:2      | Killed a scorpion
  1262 | D:2      | Reached skill level 5 in Ice Magic
  1262 | D:2      | Reached XP level 4. HP: 29/33 MP: 0/8
  2441 | D:3      | Reached XP level 5. HP: 36/38 MP: 9/9
  2470 | D:3      | Learned a level 3 spell: Ozocubu's Armour
  2621 | D:3      | Found Qureydys's Antique Armour Shop.
  2645 | D:3      | Found Ywas's Antique Weapon Shoppe.
  2709 | D:3      | Found Foriq's Jewellery Shoppe.
  2747 | D:3      | Noticed an ogre
  2760 | D:3      | Killed an ogre
  2761 | D:3      | Reached XP level 6. HP: 2/46 MP: 4/11
  3093 | D:3      | Reached skill level 6 in Ice Magic
  3773 | D:4      | HP: 1/46 [wyvern zombie (4)]
  3797 | D:4      | Mangled by a wyvern zombie

Illustrated notes

Levels and vault maps discovered:
D:1:      psy_arrival_fountain, layout_basic, minmay_indecisive_spiral
D:2:      layout_loops_cross
D:3:      layout_basic, serial_shops, nicolae_shop_advertising_works
          [nicolae_subvault_shop_adworks], nicolae_shop_statue_plus,
          nicolae_diamond_shop
D:4:      minmay_door_path, layout_cave_pools, kennysheep_cross_room

Skill      XL: |  1  2  3  4  5  6 |
---------------+-------------------+-----
Stealth        | 2 |  2.1
Ice Magic      | 5 6 |  6.2
Spellcasting   | 3 |  3.9
Dodging        | 2 |  2.0
Fighting       | |  0.3
Short Blades   | |  0.1

Action                   |  1- 3 |  4- 6 || total
-------------------------+-------+-------++-------
Melee: Unarmed           |    20 |       ||    20
       Tailslap          |     7 |     7 ||    14
       Dagger            |    34 |    23 ||    57
       Punch             |     1 |     1 ||     2
       Staff             |       |    22 ||    22
 Cast: Freeze            |    21 |    43 ||    64
       Frozen Ramparts   |     1 |    10 ||    11
       Ozocubu's Armour  |       |     2 ||     2
  Use: Scroll            |       |     5 ||     5
       Potion            |       |     1 ||     1
Armor: Skin              |    28 |    29 ||    57
Dodge: Dodged            |    40 |    41 ||    81
